 Dungeon Crawl Stone Soup version 0.20-a0-435-gf4ea4dd (webtiles) character file.

13669 Kriby the Thaumaturge (level 11, -2/78 HPs)
             Began as a Mummy Fire Elementalist on Jan 5, 2017.
             Was an Elder of Sif Muna.
             Slain by an eight-headed hydra (15 damage)
             ... on level 11 of the Dungeon.
             The game lasted 00:33:03 (19183 turns).

Kriby the Thaumaturge (Mummy Fire Elementalist)    Turns: 19183, Time: 00:33:04

Health: -2/78      AC: 11    Str: 12    XL:     11   Next: 78%
Magic:  35/42      EV: 14    Int: 18    God:    Sif Muna [****..]
Gold:   621        SH:  0    Dex: 12    Spells: 19/34 levels left

rFire  x . .     SeeInvis .     b - staff of power
rCold  + . .     Gourm    .     s - +2 robe {Archmagi}
rNeg   + + +     Faith    .     (no shield)
rPois  ∞         Spirit   .     A - +2 helmet
rElec  .         Reflect  .     g - +0 cloak
rCorr  .         Harm     .     v - +0 pair of gloves (curse)
MR     +....                    (no boots)
Stlth  ++........               (no amulet)
                                (no ring)
                                l - +2 ring of protection

@: no status effects
A: no food or potions, fire vulnerability, cold resistance 1, negative energy
resistance 3, torment resistance, unbreathing
a: Divine Energy, Channel Magic, Forget Spell, Renounce Religion


You were on level 11 of the Dungeon.
You worshipped Sif Muna.
Sif Muna was greatly pleased with you.
You were not hungry.

You visited 2 branches of the dungeon, and saw 12 of its levels.

You collected 789 gold pieces.
You spent 168 gold pieces at shops.

Inventory:

Hand Weapons
 a - a +1 dagger of venom
 r - the cursed +1 long sword of Prescription {elec, rElec rN+}
   (You found it on level 6 of the Dungeon)

   Occasionally, upon striking a foe, it will discharge some electrical energy
   and cause terrible harm.
   It insulates you from electricity.
   It protects you from negative energy.
   It has a curse placed upon it.
Armour
 g - a +0 cloak (worn)
 s - a +2 robe of the Archmagi (worn)
 v - a cursed +0 pair of gloves (worn)
 A - a +2 helmet (worn)
Magical Staves
 b - an uncursed staff of power (weapon)
 f - an uncursed staff of wizardry
Jewellery
 l - a +2 ring of protection (left hand)
Wands
 k - a wand of lightning (0/15)
 p - a wand of random effects (7/48)
 t - a wand of paralysis (3/24)
 y - a wand of clouds (7/9)
 z - a wand of flame (32/48)
Scrolls
 c - 4 scrolls of remove curse
 d - 4 scrolls of identify
 e - 4 scrolls of teleportation
 h - 2 scrolls of fog {unknown}
 i - 2 scrolls of magic mapping {unknown}
 j - 4 scrolls of recharging {unknown}
 m - a scroll of enchant weapon {unknown}
 n - 3 scrolls of amnesia
 o - 2 scrolls of immolation {unknown}
 q - a scroll of enchant armour {unknown}
 u - a scroll of blinking {unknown}
Miscellaneous
 x - a fan of gales


   Skills:
 + Level 4.6 Fighting
 + Level 4.4 Dodging
 - Level 1.5 Stealth
 - Level 12.4 Spellcasting
 - Level 7.1 Conjurations
 - Level 7.3 Fire Magic
 * Level 5.4 Invocations
 * Level 4.8 Evocations


You had 19 spell levels left.
You knew the following spells:

 Your Spells              Type           Power        Failure   Level  Hunger
a - Flame Tongue          Conj/Fire      #####        1%          1    N/A
b - Conjure Flame         Conj/Fire      ######..     1%          3    N/A
c - Sticky Flame          Conj/Fire      ######..     3%          4    N/A
d - Throw Flame           Conj/Fire      ######       1%          2    N/A
e - Fireball              Conj/Fire      ######....   12%         5    N/A

Dungeon Overview and Level Annotations

Branches:
Dungeon (11/15)            Temple (1/1) D:4            Lair (0/6) D:9
    Orc: D:9-12

Altars:
Ashenzari
Cheibriados
Dithmenos
Elyvilon
Fedhas
Gozag
Hepliaklqana
Kikubaaqudgha
Makhleb
Nemelex Xobeh
Okawaru
Qazlal
Ru
Sif Muna
Trog
Uskayaw
Vehumet
Xom
Yredelemnul
Zin
The Shining One
Beogh

Shops:
D:4 ?!!(*   D:7 :   D:9 *

Annotations:
D:4 Duffy's ghost, weakling DsFi
D:8 Duffy's ghost, novice DsFi


Innate Abilities, Weirdness & Mutations

You do not eat or drink.
Your flesh is vulnerable to fire.
You are immune to poison.
Your flesh is cold resistant. (rC+)
You are immune to negative energy. (rN+++)
You are immune to unholy pain and torment.
You can survive without breathing.


Message History

Aim: an eight-headed hydra (heavily wounded)
You feel a surge of power!
The sticky flame hits the eight-headed hydra.
The eight-headed hydra is severely wounded.
The eight-headed hydra is covered in liquid flames!
The eight-headed hydra burns!
The eight-headed hydra bites you. The eight-headed hydra bites you! x2
* * * LOW HITPOINT WARNING * * *
The eight-headed hydra bites you.
* * * LOW HITPOINT WARNING * * *
The eight-headed hydra closely misses you.
The eight-headed hydra bites you but does no damage.
The eight-headed hydra bites you.
* * * LOW HITPOINT WARNING * * *
The eight-headed hydra closely misses you.
The eight-headed hydra burns!
The eight-headed hydra burns!
The eight-headed hydra burns!
The eight-headed hydra burns!
The eight-headed hydra bites you!
You die...

........................†..
#........##...............
#........##.............#.
#........##.).............
..
#....)..((.........####...
..#####..................#
#...
..!............####......#
#...
.....................#####
#... ..............D@.....#
#... ..............########
#... ######........# #...
#..#####.# #...
#####..#####.# #.##
.>............######## #...
#########............# #...
#.###........# #.|.
#.###........# #...


You could see an eight-headed hydra (burning).

Vanquished Creatures
  A hydra (D:10)
  5 two-headed ogres
  Pikel (D:6)
  2 trolls
  2 hornets
  Grinder (D:6)
  7 hippogriffs
  3 yaks (D:9)
  2 hell hounds
  3 ice beasts
  3 sky beasts
  5 phantoms
  A slave (D:6)
  4 orc warriors
  2 eyes of draining
  8 ogres
  A necrophage (D:10)
  11 centaurs
  A big kobold (D:10)
  4 bullfrogs
  Blork the orc (D:6)
  A water moccasin zombie (D:7)
  A wyvern skeleton (D:9)
  2 scorpions
  11 killer bees
  5 wights (D:3)
  7 howler monkeys
  6 crimson imps
  6 hounds
  3 orc wizards
  5 jellies
  Crazy Yiuf (D:3)
  6 orc priests
  2 centaur skeletons
  12 worker ants
  A killer bee zombie (D:10)
  2 hound zombies (D:6)
  A hound skeleton (D:8)
  A worker ant zombie (D:9)
  8 gnolls
  A howler monkey skeleton (D:4)
  12 adders
  6 river rats (D:5)
  An adder skeleton (D:6)
  4 worms
  4 dart slugs
  3 leopard geckos
  33 orcs
  8 giant cockroaches
  7 goblins
  7 hobgoblins
  8 iguanas
  8 jackals
  7 quokkas
  A ball python (D:3)
  5 bats
  7 frilled lizards
  15 kobolds
  2 quokka skeletons (D:6)
  A quokka zombie (D:6)
  20 rats
  A fungus (D:6)
310 creatures vanquished.

Vanquished Creatures (others)
  2 slaves (D:6)
  A centaur (D:6)
  An orc priest (D:6)
  A hound (D:6)
  A killer bee zombie (D:6)
  An adder (D:6)
  A ball python (D:6)
8 creatures vanquished.

Grand Total: 318 creatures vanquished

Notes
Turn   | Place    | Note
-------+----------+-------------------------------------------
     0 | D:1      | Kriby the Mummy Fire Elementalist began the quest for the Orb.
     0 | D:1      | Reached XP level 1. HP: 13/13 MP: 4/4
    23 | D:1      | Reached skill level 1 in Conjurations
   117 | D:1      | Reached skill level 3 in Spellcasting
   117 | D:1      | Reached XP level 2. HP: 19/19 MP: 1/6
   761 | D:1      | You fall through a shaft!
   797 | D:2      | Noticed an angel
   799 | D:2      | Found a shimmering altar of Xom.
  1121 | D:1      | Reached XP level 3. HP: 24/24 MP: 6/8
  1473 | D:2      | Learned a level 3 spell: Conjure Flame
  1617 | D:2      | Found a glowing silver altar of Zin.
  1624 | D:2      | Reached skill level 4 in Spellcasting
  1625 | D:2      | Reached XP level 4. HP: 25/30 MP: 2/10
  1702 | D:2      | Found a shimmering altar of Xom.
  2555 | D:3      | Found a shattered altar of Ashenzari.
  2561 | D:3      | Found an ancient bone altar of Kikubaaqudgha.
  3031 | D:3      | Reached XP level 5. HP: 22/35 MP: 8/11
  3589 | D:3      | Reached skill level 5 in Spellcasting
  3680 | D:3      | Reached XP level 6. HP: 41/41 MP: 2/14
  3832 | D:3      | Found a runed door.
  4564 | D:3      | Noticed Crazy Yiuf
  4570 | D:3      | Killed Crazy Yiuf
  5047 | D:4      | Reached skill level 6 in Spellcasting
  5221 | D:4      | Found Wukkidayt's Distillery.
  5395 | D:4      | Found Voin's Distillery.
  5401 | D:4      | Reached XP level 7. HP: 46/46 MP: 8/16
  5608 | D:4      | Noticed Duffy's ghost (weakling DsFi)
  5679 | D:3      | Learned a level 4 spell: Sticky Flame
  5682 | D:3      | Learned a level 2 spell: Throw Flame
  5688 | D:3      | Learned a level 5 spell: Fireball
  5936 | D:4      | Found Muckael's Weapon Emporium.
  5998 | D:4      | Found Jaloefie's Magic Scroll Boutique.
  6001 | D:4      | Bought 3 scrolls of teleportation for 126 gold pieces
  6001 | D:4      | Bought a scroll of teleportation for 42 gold pieces
  6009 | D:4      | Found a basalt altar of Yredelemnul.
  6065 | D:4      | Found a staircase to the Ecumenical Temple.
  6070 | D:4      | Found Yddoi's Assorted Antiques.
  6080 | Temple   | Entered the Ecumenical Temple
  6325 | Temple   | Became a worshipper of Sif Muna the Loreminder
  6709 | D:5      | Entered Level 5 of the Dungeon
  7065 | D:5      | Reached skill level 7 in Spellcasting
  8105 | D:6      | Reached * piety under Sif Muna
  8105 | D:6      | Reached skill level 8 in Spellcasting
  8105 | D:6      | Reached XP level 8. HP: 47/52 MP: 13/20
  8541 | D:6      | Found a snail-covered altar of Cheibriados.
  8749 | D:6      | Noticed Blork the orc
  9122 | D:6      | Noticed Pikel
  9140 | D:6      | Killed Pikel
  9140 | D:6      | Reached ** piety under Sif Muna
  9140 | D:6      | Reached skill level 9 in Spellcasting
  9140 | D:6      | Reached skill level 5 in Conjurations
  9140 | D:6      | Reached skill level 5 in Fire Magic
  9345 | D:6      | Got a crystal long sword
  9346 | D:6      | Identified the cursed +1 long sword of Prescription {elec, rElec rN+} (You found it on level 6 of the Dungeon)
  9413 | D:6      | Reached skill level 10 in Spellcasting
  9448 | D:6      | Reached XP level 9. HP: 29/57 MP: 9/23
 10039 | D:6      | Killed Blork the orc
 10152 | D:6      | Noticed Grinder
 10162 | D:6      | Killed Grinder
 10301 | D:6      | Reached *** piety under Sif Muna
 10302 | D:6      | Reached skill level 11 in Spellcasting
 10640 | D:7      | Found an opulent altar of Gozag.
 10739 | D:7      | Found Riohojil's Book Emporium.
 11401 | D:7      | Reached skill level 12 in Spellcasting
 11561 | D:7      | Reached XP level 10. HP: 57/63 MP: 19/26
 11711 | D:8      | Reached **** piety under Sif Muna
 12016 | D:8      | Noticed a two-headed ogre
 12030 | D:8      | Killed a two-headed ogre
 12030 | D:8      | Reached skill level 1 in Fighting
 12787 | D:8      | Noticed Duffy's ghost (novice DsFi)
 14046 | D:8      | HP: 3/67 [Duffy's ghost (13)]
 14630 | D:9      | Found a staircase to the Lair.
 15432 | D:9      | Noticed a two-headed ogre
 15438 | D:9      | Killed a two-headed ogre
 15438 | D:9      | Reached skill level 1 in Invocations
 15438 | D:9      | Reached skill level 1 in Evocations
 15662 | D:9      | Reached XP level 11. HP: 74/74 MP: 7/27
 15808 | D:9      | Found a roughly hewn altar of Beogh.
 15821 | D:9      | Noticed a two-headed ogre
 15827 | D:9      | Killed a two-headed ogre
 15926 | D:9      | Found Viphenei's General Store.
 16637 | D:9      | Found a stormy altar of Qazlal.
 17060 | D:10     | Entered Level 10 of the Dungeon
 17468 | D:10     | Noticed a two-headed ogre
 17479 | D:10     | Killed a two-headed ogre
 17896 | D:10     | Noticed a five-headed hydra
 17916 | D:10     | Killed a five-headed hydra
 18198 | D:10     | Reached skill level 5 in Invocations
 18839 | D:11     | Noticed a two-headed ogre
 18856 | D:11     | Killed a two-headed ogre
 19165 | D:11     | Noticed an eight-headed hydra
 19183 | D:11     | Slain by an eight-headed hydra

Vault maps used:
D:1:      sevenhm_arrival_forest_fort_small_6, minmay_misc_feat_five,
          st_stairs_10, hangedman_decor_points, hangedman_decor_growths
D:2:      grunt_temple_overflow_order_and_chaos_1, first_bread,
          dk_xom_monty_hall
D:3:      amethyst_overflow_temple_binary, grunt_ministairs_14,
          uniq_crazy_yiuf_cottage
D:4:      lemuel_doored_altar, serial_shops, kennysheep_mini,
          kennysheep_little_box, shop, shop, shop_fountains,
          kennysheep_small_square
D:5:      dk_rats_in_the_wall
D:6:      minmay_gold_behind_fungi, minmay_ruined_shrine, uniq_grinder,
          uniq_blork_the_orc, uniq_pikel
D:7:      nicolae_gozag_cash_rules_everything_around_me, serial_shops, shop
D:9:      nicolae_overflow_crystal_walls, minmay_lair_entry_lava, serial_shops,
          shop
Temple:   minmay_temple_curvy_branch

Skill      XL: |  1  2  3  4  5  6  7  8  9 10 11 |
---------------+----------------------------------+-----
Conjurations   | 1 2 3 4 5 6 7 |  7.1
Spellcasting   | 3 4 5 6 8 10 12 | 12.4
Fire Magic     | 3 4 5 6 7 |  7.3
Fighting       | 2 4 |  4.6
Dodging        | 3 4 |  4.4
Invocations    | 2 5 |  5.4
Evocations     | 2 4 |  4.8
Stealth        | |  1.5

Action                   |  1- 3 |  4- 6 |  7- 9 | 10-12 || total
-------------------------+-------+-------+-------+-------++-------
Melee: Dagger            |     2 |     5 |    53 |    83 ||   143
       Staff             |       |       |     7 |     1 ||     8
 Cast: Flame Tongue      |    51 |   125 |   218 |   311 ||   705
       Conjure Flame     |       |     9 |    22 |    38 ||    69
       Sticky Flame      |       |       |    26 |    44 ||    70
       Throw Flame       |       |       |    12 |    25 ||    37
       Fireball          |       |       |     3 |    22 ||    25
Invok: Divine Energy     |       |       |     1 |       ||     1
       Stop Divine Energ |       |       |     1 |       ||     1
       Channel Magic     |       |       |       |     2 ||     2
Evoke: Wand              |       |       |       |    10 ||    10
  Use: Scroll            |     3 |       |     3 |     6 ||    12
 Stab: Paralysed         |       |       |       |    13 ||    13
Armor: Robe              |     3 |     5 |    25 |    61 ||    94
Dodge: Dodged            |    19 |    39 |    70 |   122 ||   250
